 Dungeon Crawl Stone Soup version bcrawl-1.19.1 (webtiles) character file.

Game seed: 10531098776428760545

113 Freyura the Shield-Bearer (level 4, -4/28 HPs)
             Began as a Skeleton Fighter on Dec 8, 2019.
             Slain by Grinder (6 damage)
             ... on level 3 of the Dungeon.
             The game lasted 00:06:30 (2225 turns).

Freyura the Shield-Bearer (Skeleton Fighter)        Turns: 2225, Time: 00:06:31

Health: -4/28      AC:  9    Str: 20 (22) XL:     4   Next: 65%
Magic:  0/4        EV:  6    Int:  7      God:
Gold:   165        SH:  9    Dex:  6 (9)  Spells: 3/3 levels left

rFire    + . .     SeeInvis .   l - +0 morningstar
rCold    + . .     Gourm    .   c - +0 shield
rNeg     + + +     Faith    .   h - +0 chain mail
rPois    ∞         Spirit   +   (no helmet)
rElec    .         Reflect  .   (no cloak)
rCorr    .         Harm     .   (no gloves)
MR       .....                  (no boots)
Stlth    ..........             (no amulet)
HPRegen  0.09/turn              (no ring)
MPRegen  0.09/turn              k - ring of protection from fire

@: no status effects
A: no food or potions, cold resistance 1, deterioration 1, negative energy
resistance 3, torment resistance, unbreathing, magic shield, sturdy frame 1,
spell healing
a: no special abilities


You were on level 3 of the Dungeon.
You were not hungry.

You visited 1 branch of the dungeon, and saw 3 of its levels.

You collected 165 gold pieces.

Inventory:

Hand Weapons
 l - a +0 morningstar (weapon)
Armour
 c - a +0 shield (worn)
 h - a +0 chain mail (worn)
Jewellery
 k - a ring of protection from fire (right hand)
Scrolls
 e - 2 scrolls of immolation
 g - a scroll of enchant armour
 i - 2 scrolls of teleportation {unknown}
 j - a scroll of enchant weapon {unknown}


   Skills:
 + Level 3.5 Fighting
 * Level 3.9 Maces & Flails
 + Level 3.8 Armour
 + Level 1.6 Dodging
 + Level 4.2 Shields


You had 3 spell levels left.
You didn't know any spells.
Your spell library was empty.

Dungeon Overview and Level Annotations

Branches:
Dungeon (3/12)

Altars:
Trog

Annotations:
D:3 Grinder


Innate Abilities, Weirdness & Mutations

You do not eat or drink.
You are immune to poison.
Your flesh is cold resistant. (rC+)
Your body sometimes deteriorates upon taking damage.
You are immune to negative energy. (rN+++)
You are immune to unholy pain and torment.
You can survive without breathing.
When hurt, damage is shared between your health and your magic reserves.
Your movements are slightly less encumbered by armour. (ER -2)
Casting spells heals you.


Message History

Grinder is heavily wounded.
Grinder hits you but does no damage.
You hit Grinder.
Grinder is heavily wounded.
Grinder hits you. Grinder gestures at you. You resist with some effort.
You closely miss Grinder.
Grinder is heavily wounded.
Grinder hits you but does no damage.
You puncture Grinder!
Grinder is almost dead.
Grinder hits you.
* * * LOW HITPOINT WARNING * * *
You completely miss Grinder.
Grinder is almost dead.
Grinder hits you.
* * * LOW HITPOINT WARNING * * *
Grinder hits you.
You die...

.... . ... #.
###.. .#.
##...##### ..#.
##.........
...##..........
##...........
##..#.@5.>....
#..##.........
#....<..##..##
#...#####.......
....... ##.?..^
####..# .....
### .... .... .


You could see Grinder.

Vanquished Creatures
  An orc wizard (D:2)
  4 worms
  4 dart slugs
  2 leopard geckos (D:2)
  4 orcs (D:2)
  6 bats
  2 giant cockroaches
  6 goblins
  10 hobgoblins
  2 quokkas (D:2)
  5 frilled lizards
  6 kobolds
  5 rats
57 creatures vanquished.

Notes
Turn   | Place    | Note
-------+----------+-------------------------------------------
     0 | D:1      | Freyura the Skeleton Fighter began the quest for the Orb.
     0 | D:1      | Reached XP level 1. HP: 14/14 MP: 1/1
    53 | D:1      | Reached XP level 2. HP: 19/19 MP: 2/2
   703 | D:1      | Reached XP level 3. HP: 23/23 MP: 3/3
   981 | D:2      | Reached skill level 1 in Dodging
  1008 | D:2      | Reached skill level 4 in Shields
  1008 | D:2      | Reached XP level 4. HP: 28/28 MP: 2/4
  1143 | D:2      | Found a bloodstained altar of Trog.
  2169 | D:3      | Noticed Grinder
  2202 | D:3      | Paralysed by Grinder for 4 turns
  2225 | D:3      | Slain by Grinder

Skill      XL: |  1  2  3 |
---------------+----------+-----
Maces & Flails | 3 |  3.9
Dodging        | 1 |  1.6
Shields        | 4 |  4.2
Fighting       | |  3.5
Armour         | |  3.8

Action                   |  1- 3 |  4- 6 || total
-------------------------+-------+-------++-------
Melee: Flail             |   106 |   106 ||   212
       Morningstar       |       |    25 ||    25
  Use: Scroll            |       |     2 ||     2
Armor: Scale mail        |    43 |    40 ||    83
       Chain mail        |       |     7 ||     7
Dodge: Dodged            |    37 |    29 ||    66
Block: Shield            |    48 |    58 ||   106
